 Dungeon Crawl Stone Soup version 0.23.2-40-g277498a001 (webtiles) character file.

Game seed: 1351279949040403919

316 Descartes the Insei (level 6, 0/39 HPs)
             Began as an Octopode Transmuter on Sept 26, 2019.
             Succumbed to an adder's poison
             ... on level 4 of the Dungeon.
             The game lasted 00:05:15 (3324 turns).

Descartes the Insei (Octopode Transmuter)           Turns: 3324, Time: 00:05:16

Health: 0/39       AC:  1    Str: 10    XL:     6   Next: 44%
Magic:  10/10      EV: 14    Int: 15    God:
Gold:   203        SH:  0    Dex: 14    Spells: 9/10 levels left

rFire    . . .     SeeInvis .     - Unarmed
rCold    . . .     Gourm    .   (no shield)
rNeg     . . .     Faith    .   (helmet restricted)
rPois    .         Spirit   .   (no amulet)
rElec    .         Reflect  .   (no ring)
rCorr    .         Harm     .   (no ring)
MR       .....                  (no ring)
Stlth    ++++......             (no ring)
HPRegen  0.13/turn              (no ring)
MPRegen  0.12/turn              (no ring)
                                (no ring)
                                (no ring)

@: lethally poisoned (0 -> -2)
A: almost no armour, stealthy swim, amphibious, 8 rings, constrict 8, camouflage
1, gelatinous body 1
a: no special abilities


You were on level 4 of the Dungeon.
You were not hungry.

You visited 1 branch of the dungeon, and saw 4 of its levels.

You collected 203 gold pieces.

Inventory:

Hand Weapons
 l - a +1 spear of flaming
Missiles
 a - 12 arrows
 h - 208 stones (quivered)
 i - 11 poisoned needles
 k - 7 curare-tipped needles
Wands
 q - a wand of random effects (19)
Scrolls
 b - a scroll of random uselessness {unknown}
 d - 5 scrolls of teleportation {unknown}
 e - 2 scrolls of enchant armour {unknown}
 j - 2 scrolls of identify {unknown}
 p - 2 scrolls of fear {unknown}
Potions
 f - 2 potions of ambrosia {unknown}
 g - 2 potions of heal wounds {unknown}
 m - 2 potions of might {unknown}
 o - a potion of agility {unknown}
 r - 2 potions of mutation {unknown}
Comestibles
 c - 2 rations


   Skills:
 + Level 2.1 Fighting
 + Level 2.9 Dodging
 + Level 4.1 Stealth
 + Level 4.4 Unarmed Combat
 + Level 2.9 Spellcasting
 + Level 2.8 Transmutations


You had 9 spell levels left.
You knew the following spells:

 Your Spells              Type           Power        Failure   Level  Hunger
a - Beastly Appendage     Tmut           ##....       6%          1    #......

Your spell library contained the following spells:

 Spells                   Type           Power        Failure   Level  Hunger
 Sticks to Snakes         Tmut           ##......     10%         2    ##.....
 Spider Form              Tmut/Pois      #.........   34%         3    ###....
 Ice Form                 Ice/Tmut       #.......     75%         4    #####..
 Blade Hands              Tmut           ##........   87%         5    ######.


Dungeon Overview and Level Annotations

Branches:
Dungeon (4/15)
 Temple: D:4-7

Altars:
Okawaru
Ru
Trog


Innate Abilities, Weirdness & Mutations

You cannot wear most types of armour.
You are very stealthy in the water. (Stealth+)
You are amphibious.
You can wear up to eight rings at the same time.
You can use your tentacles to constrict eight enemies at once.
Your skin changes colour to match your surroundings (Stealth+).
Your rubbery body absorbs attacks. (AC +1, EV +1)


Message History

You tentacle-slap the adder skeleton.
You destroy the adder skeleton!
You tentacle-slap the adder but do no damage.
Your grab misses the adder. The adder bites you.
You barely miss the adder. Your grab misses the adder.
The adder completely misses you. The adder bites you.
* * * LOW HITPOINT WARNING * * *
You barely miss the adder. You grab the adder.
You constrict the adder, but do no damage.
The adder bites you.
* * * LOW HITPOINT WARNING * * *
You tentacle-slap the adder but do no damage.
You constrict the adder. The adder bites you.
* * * LOW HITPOINT WARNING * * *
You are lethally poisoned!
The adder poisons you!
You tentacle-slap the adder but do no damage.
The adder is lightly wounded.
You constrict the adder.
You die...

#..#. . .. .....#. .
. #..#... ? ..
#..##.# .#.#
#.######..##.##..###
.........##........
#...#.##........
#.<...).@.#
#...#...S.?.....
##.#####..#...##
.... ...# #.# ##..#
#.## .. #.<# #.# #
#..# #.# ...# #.#


You could see an adder.

Vanquished Creatures
  An ogre (D:4)
  A crimson imp (D:3)
  Ijyb (D:3)
  Natasha (D:3)
  Robin (D:2)
  5 adders
  An adder skeleton (D:4)
  2 dart slugs
  6 leopard geckos
  3 orcs (D:3)
  A ball python (D:2)
  8 giant cockroaches
  9 hobgoblins
  7 jackals
  A quokka (D:3)
  4 bats
  8 frilled lizards
  14 goblins
  6 kobolds
  6 rats
86 creatures vanquished.

Notes
Turn   | Place    | Note
-------+----------+-------------------------------------------
     0 | D:1      | Descartes the Octopode Transmuter began the quest for the
                  | Orb.
     0 | D:1      | Reached XP level 1. HP: 13/13 MP: 3/3
   173 | D:1      | Reached XP level 2. HP: 18/18 MP: 5/5
   358 | D:1      | Reached skill level 1 in Stealth
   533 | D:1      | Reached XP level 3. HP: 8/23 MP: 6/6
  1459 | D:2      | Found a sacrificial altar of Ru.
  1459 | D:2      | Found an iron altar of Okawaru.
  1465 | D:2      | Reached XP level 4. HP: 28/28 MP: 7/7
  1845 | D:3      | Noticed Robin
  1883 | D:2      | Killed Robin
  2333 | D:3      | Reached XP level 5. HP: 33/33 MP: 8/8
  2523 | D:3      | Found a bloodstained altar of Trog.
  2541 | D:3      | Noticed Ijyb
  2551 | D:3      | Killed Ijyb
  2888 | D:3      | Noticed Natasha
  3079 | D:3      | Killed Natasha
  3079 | D:3      | Reached XP level 6. HP: 18/39 MP: 10/10
  3323 | D:4      | HP: 1/39 [adder (5)]
  3324 | D:4      | Succumbed to an adder's poison

Skill      XL: |  1  2  3  4  5  6 |
---------------+-------------------+-----
Stealth        | 1 2 3 4 |  4.1
Unarmed Combat | 4 |  4.4
Fighting       | 2 |  2.1
Dodging        | |  2.9
Spellcasting   | |  2.9
Transmutations | |  2.8

Action                   |  1- 3 |  4- 6 || total
-------------------------+-------+-------++-------
Melee: Unarmed           |    66 |   129 ||   195
       Constrict         |    19 |    34 ||    53
       Tentacles         |     4 |    20 ||    24
       Punch             |       |     2 ||     2
 Stab: Sleeping          |     9 |     3 ||    12
  Eat: Chunk             |     2 |     6 ||     8
Armor: Skin              |     6 |     7 ||    13
Dodge: Dodged            |    35 |    89 ||   124
